Demolitions vs Scraper
Created - 28 février 2014 at 19:07
Goals
|
| Demolitions |
1 |
0 |
0 |
1 |
| Scraper |
3 |
2 |
1 |
6 |
|
Shots
|
| Demolitions |
15 |
12 |
7 |
34 |
| Scraper |
13 |
23 |
3 |
39 |
|
1st period
1. Scraper , Alexander Radulov 31 (Paul Ranger, Martin Hanzal) at 9:53
2. Scraper , Logan Couture 21 (Raffi Torres, Michael Del Zotto) at 10:08
3. Demolitions , Anthony Stewart 35 (Marcel Hossa, T.J. Hensick) at 18:26
4. Scraper , Riley Armstrong 15 (Valeri Bure, Martin Hanzal) at 19:46
Penalties :
Mike Knuble (Out) for Slashing (Minor) at 11:26
2nd period
5. Scraper , Tyler Ennis 43 (Steven Stamkos, Mike Knuble) at 4:01
6. Scraper , Mike Knuble 1 (Steven Stamkos, Tyler Ennis) at 4:23 (PP)
Penalties :
Matt Corrente (Vic) for Hooking (Minor) at 4:10, Tyler Ennis (Out) for Fighting (Major) at 8:19, Brandon Bochenski (Vic) for Fighting (Major) at 8:19, Michael Del Zotto (Out) for Tripping (Minor) at 13:02, Jamie Benn (Out) for Holding (Minor) at 16:50
3rd period
7. Scraper , Raffi Torres 4 (Logan Couture) at 18:26
Penalties :
Troy Brouwer (Vic) for Hooking (Minor) at 1:04, Martin Hanzal (Out) for Roughing (Minor) at 4:47, Marcel Hossa (Vic) for Holding (Minor) at 12:36
Goalie Stats
Antero Niittymaki (Vic), 18 saves from 20 shots - (0,900), 35:59 minutes
Chad Johnson (Vic), 15 saves from 19 shots - (0,789), L, 17-11-2, 24:01 minutes
Maxime Ouellet (Out), 33 saves from 34 shots - (0,971), W, 1-0-0, 60:00 minutes
Players Stats for Demolitions
Player Name G A P +/- PIM S H SB GA TA FO MP PP MP PK MP
------------------------------------------------------------------------------------
Anssi Salmela 0 0 0 -2 0 0 0 2 1 3 0/0 20:38 3:11 2:16
Anthony Stewart 1 0 1 0 0 6 0 3 0 1 2/2 20:59 4:33 0:27
Anton Babchuk 0 0 0 -2 0 3 2 1 0 0 0/0 27:16 4:45 1:55
Bobby Butler 0 0 0 -1 0 2 0 0 0 0 0/0 11:49 0:07 0:00
Brandon Bochenski 0 0 0 -2 5 1 3 0 1 0 0/1 14:03 3:23 0:00
Cal Clutterbuck 0 0 0 -1 0 3 0 0 0 0 0/0 9:06 0:00 0:00
Jordan LaVallee 0 0 0 0 0 0 0 0 0 0 0/0 1:42 0:00 1:42
Josh Beaulieu 0 0 0 0 0 0 0 0 0 0 0/0 0:53 0:00 0:49
Kyle Wharton 0 0 0 -2 0 1 1 0 0 0 0/0 20:26 3:11 2:16
Marc-André Bernier 0 0 0 -1 0 0 0 0 0 0 0/0 10:11 0:00 0:00
Marcel Hossa 0 1 1 0 2 8 3 0 0 0 0/5 21:38 4:33 1:03
Masi Marjamaki 0 0 0 0 0 0 0 0 0 0 0/0 0:14 0:00 0:14
Matt Corrente 0 0 0 -2 2 0 1 0 0 0 0/0 24:08 4:45 1:42
Nicholas D'Agostino 0 0 0 0 0 0 0 0 0 1 0/0 11:26 0:00 0:13
Nick Pryor 0 0 0 0 0 0 0 0 0 0 0/0 4:19 0:00 0:00
Nicolas Blanchard 0 0 0 -1 0 0 2 0 0 0 2/7 11:36 0:00 1:21
Petr Vrana 0 0 0 -1 0 3 1 0 1 0 1/1 11:09 0:00 1:24
Robert Bortuzzo 0 0 0 0 0 0 1 0 0 0 0/0 11:46 0:00 0:00
Robert Klinkhammer 0 0 0 0 0 0 0 0 0 0 0/0 0:00 0:00 0:00
Ryan Craig 0 0 0 -2 0 1 2 0 0 0 3/10 15:22 3:23 0:05
Spencer Machacek 0 0 0 0 0 0 0 0 0 0 0/0 0:00 0:00 0:00
T.J. Hensick 0 1 1 0 0 5 0 0 0 0 17/32 22:03 4:26 1:17
Troy Brouwer 0 0 0 -2 2 1 3 0 2 1 0/0 15:55 3:23 0:00
Vince Rocco 0 0 0 -1 0 0 1 0 0 0 1/3 9:06 0:00 0:00
Players Stats for Scraper
Player Name G A P +/- PIM S H SB GA TA FO MP PP MP PK MP
------------------------------------------------------------------------------------
Aaron Ward 0 0 0 1 0 1 0 1 2 1 0/0 25:26 2:25 4:29
Alexander Radulov 1 0 1 0 0 3 3 0 0 1 0/0 11:26 0:46 0:00
Ben Eager 0 0 0 1 0 1 1 0 0 0 0/0 9:55 0:52 1:41
Eric Gryba 0 0 0 -1 0 0 1 1 0 0 0/0 15:49 0:00 4:29
Jamie Benn 0 0 0 2 2 3 0 2 1 0 0/0 16:57 1:01 0:15
Karl Alzner 0 0 0 -1 0 0 1 1 0 0 0/0 14:15 0:16 3:13
Logan Couture 1 1 2 2 0 2 2 0 1 0 10/15 18:29 1:01 1:50
Martin Hanzal 0 2 2 0 2 4 2 0 1 2 2/6 15:07 0:56 1:52
Matt Martin 0 0 0 0 0 0 3 0 0 0 2/2 9:58 0:00 0:00
Michael Del Zotto 0 1 1 1 2 0 0 0 0 0 0/0 21:24 1:47 0:14
Mike Knuble 1 1 2 1 2 2 1 1 0 1 1/2 18:53 2:09 1:54
Paul Ranger 0 1 1 4 0 1 2 1 0 0 0/0 23:09 1:46 3:13
Pernell Karl Subban 0 0 0 4 0 0 0 3 0 0 0/0 19:56 2:08 0:14
Raffi Torres 1 1 2 2 0 6 0 2 0 0 1/1 20:48 1:07 4:06
Riley Armstrong 1 0 1 1 0 1 1 0 0 0 3/6 10:44 0:05 3:53
Steven Stamkos 0 2 2 1 0 7 1 0 1 0 16/29 17:31 2:18 0:21
Tyler Ennis 1 1 2 1 5 7 1 0 0 0 0/0 15:34 2:18 0:08
Valeri Bure 0 1 1 1 0 1 2 1 0 0 0/0 6:46 0:00 0:00
3 Stars
1 - Logan Couture (Out)
2 - Maxime Ouellet (Out)
3 - Raffi Torres (Out)
Power Play
Demolitions - 0 on 4 Attempt(s) - 0,00%
Scraper - 1 on 3 Attempt(s) - 33,33%
Penalty Kill
Demolitions - 2 on 3 Attempt(s) - 66,67%
- Score 0 goal in Penalty Kill
Scraper - 4 on 4 Attempt(s) - 100,00%
- Score 0 goal in Penalty Kill
Official
Referees : Ciamaga Chris and Martell Rob
Linesman : Tony Sericolo and Lonnie Cameron
Game Notes
Antero Niittymaki enters game at 4:01 of 2nd period
Tyler Ennis and Brandon Bochenski fight to a draw at 8:19 of 2nd period
Finance
Level 1 -- Attendance: 1596 (79,80%) -- Ticket Income 63 840 $
Level 2 -- Attendance: 745 (74,50%) -- Ticket Income 14 900 $
Total Attendance: 2341 (78,03%)
Total Ticket Income: 78 740 $
Other Income: 3 937 $
Total Income: 82 677 $
Demolitions
5 vs 5 Forward
Center Left Wing Right Wing Time % Phy DF OF
1 T.J. Hensick Marcel Hossa Anthony Stewart 40 1 2 2
2 Ryan Craig Troy Brouwer Brandon Bochenski 30 1 2 2
3 Nicolas Blanchard Bobby Butler Marc-André Bernier 20 1 2 2
4 Vince Rocco Petr Vrana Cal Clutterbuck 10 1 2 2
5 vs 5 Defense
Defense Defense Time % Phy DF OF
1 Anton Babchuk Matt Corrente 40 1 2 2
2 Anssi Salmela Kyle Wharton 30 1 2 2
3 Robert Bortuzzo Nicholas D'Agostino 20 1 2 2
4 Nick Pryor Anton Babchuk 10 1 2 2
PowerPlay Forward
Center Left Wing Right Wing Time % Phy DF OF
1 T.J. Hensick Marcel Hossa Anthony Stewart 60 1 2 2
2 Ryan Craig Troy Brouwer Brandon Bochenski 40 1 2 2
PowerPlay Defense
Defense Defense Time % Phy DF OF
1 Anton Babchuk Matt Corrente 60 1 2 2
2 Anssi Salmela Kyle Wharton 40 1 2 2
Penalty Kill 4 Players Forward
Center Wing Time % Phy DF OF
1 T.J. Hensick Marcel Hossa 60 1 2 2
2 Anthony Stewart Troy Brouwer 40 1 2 2
Penalty Kill 4 Players Defense
Defense Defense Time % Phy DF OF
1 Anton Babchuk Matt Corrente 60 1 2 2
2 Anssi Salmela Kyle Wharton 40 1 2 2
Penalty Kill - 3 Players Forward
Forward Time % Phy DF OF
1 T.J. Hensick 60 1 2 2
2 Marcel Hossa 40 1 2 2
Penalty Kill - 3 Players Defense
Defense Defense Time % Phy DF OF
1 Anton Babchuk Matt Corrente 60 1 2 2
2 Anssi Salmela Kyle Wharton 40 1 2 2
4 vs 4 Forward
Center Wing Time % Phy DF OF
1 T.J. Hensick Marcel Hossa 60 1 2 2
2 Anthony Stewart Troy Brouwer 40 1 2 2
4 vs 4 Defense
Defense Defense Time % Phy DF OF
1 Anton Babchuk Matt Corrente 60 1 2 2
2 Anssi Salmela Kyle Wharton 40 1 2 2
Last Minutes Offensive
Center Left Wing Right Wing Defense Defense
T.J. Hensick Marcel Hossa Anthony Stewart Anton Babchuk Matt Corrente
Last Minutes Defensive
Center Left Wing Right Wing Defense Defense
T.J. Hensick Marcel Hossa Anthony Stewart Anton Babchuk Matt Corrente
Goaltenders
Starting : Chad Johnson
Backup : Antero Niittymaki
Extra Forwards
Normal : Bobby Butler, Marc-André Bernier, Petr Vrana - PP : Bobby Butler, Marc-André Bernier - PK : Petr Vrana
Extra Defensemen
Normal : Robert Bortuzzo, Nicholas D'Agostino, Nick Pryor - PP : Robert Bortuzzo - PK : Nicholas D'Agostino, Nick Pryor
Penalty Shots
T.J. Hensick, Marcel Hossa, Anthony Stewart, Troy Brouwer, Ryan Craig
Scraper
5 vs 5 Forward
Center Left Wing Right Wing Time % Phy DF OF
1 Steven Stamkos Tyler Ennis Mike Knuble 40 1 1 3
2 Logan Couture Jamie Benn Raffi Torres 38 1 1 3
3 Martin Hanzal Matt Martin Alexander Radulov 19 2 1 2
4 Riley Armstrong Ben Eager Valeri Bure 3 3 1 1
5 vs 5 Defense
Defense Defense Time % Phy DF OF
1 Michael Del Zotto Aaron Ward 40 1 1 3
2 Pernell Karl Subban Paul Ranger 37 2 2 1
3 Karl Alzner Eric Gryba 20 2 2 1
4 Eric Gryba Paul Ranger 3 3 1 1
PowerPlay Forward
Center Left Wing Right Wing Time % Phy DF OF
1 Steven Stamkos Tyler Ennis Mike Knuble 60 0 1 4
2 Logan Couture Jamie Benn Raffi Torres 40 1 1 3
PowerPlay Defense
Defense Defense Time % Phy DF OF
1 Michael Del Zotto Aaron Ward 60 1 1 3
2 Pernell Karl Subban Paul Ranger 40 1 1 3
Penalty Kill 4 Players Forward
Center Wing Time % Phy DF OF
1 Riley Armstrong Raffi Torres 60 3 1 1
2 Martin Hanzal Mike Knuble 40 3 1 1
Penalty Kill 4 Players Defense
Defense Defense Time % Phy DF OF
1 Eric Gryba Aaron Ward 60 3 1 1
2 Paul Ranger Karl Alzner 40 3 1 1
Penalty Kill - 3 Players Forward
Forward Time % Phy DF OF
1 Raffi Torres 60 3 1 1
2 Mike Knuble 40 3 1 1
Penalty Kill - 3 Players Defense
Defense Defense Time % Phy DF OF
1 Eric Gryba Aaron Ward 60 3 1 1
2 Paul Ranger Karl Alzner 40 3 1 1
4 vs 4 Forward
Center Wing Time % Phy DF OF
1 Steven Stamkos Tyler Ennis 60 0 1 4
2 Logan Couture Alexander Radulov 40 0 1 4
4 vs 4 Defense
Defense Defense Time % Phy DF OF
1 Michael Del Zotto Aaron Ward 60 0 1 4
2 Pernell Karl Subban Paul Ranger 40 0 1 4
Last Minutes Offensive
Center Left Wing Right Wing Defense Defense
Steven Stamkos Tyler Ennis Alexander Radulov Aaron Ward Michael Del Zotto
Last Minutes Defensive
Center Left Wing Right Wing Defense Defense
Riley Armstrong Raffi Torres Mike Knuble Aaron Ward Karl Alzner
Goaltenders
Starting : Maxime Ouellet
Backup : Justin Peters
Extra Forwards
Normal : Martin Hanzal, Tyler Ennis, Steven Stamkos - PP : Martin Hanzal, Tyler Ennis - PK : Raffi Torres
Extra Defensemen
Normal : Pernell Karl Subban, Aaron Ward, Michael Del Zotto - PP : Paul Ranger - PK : Karl Alzner, Aaron Ward
Penalty Shots
Steven Stamkos, Tyler Ennis, Alexander Radulov, Valeri Bure, Raffi Torres
% Time on Ice - Demolitions
Lines # - Real PCT - Wanted PCT - Time Play
Normal Forward
1 - 35% - 40% - 16:42
2 - 25% - 30% - 11:54
3 - 21% - 20% - 10:11
4 - 19% - 10% - 9:06
Normal Defense
1 - 37% - 40% - 17:42
2 - 31% - 30% - 14:59
3 - 23% - 20% - 11:13
4 - 8% - 10% - 3:59
PP Forward
1 - 57% - 60% - 4:33
2 - 43% - 40% - 3:23
PP Defense
1 - 60% - 60% - 4:45
2 - 40% - 40% - 3:11
PK Forward
1 - 89% - 60% - 3:44
2 - 11% - 40% - 0:27
PK Defense
1 - 46% - 60% - 1:55
2 - 54% - 40% - 2:16
PK3 Forward
1 - 0% - 60%
2 - 0% - 40%
PK3 Defense
1 - 0% - 60%
2 - 0% - 40%
44 Forward
1 - 0% - 60%
2 - 0% - 40%
44 Defense
1 - 0% - 60%
2 - 0% - 40%
Last Minute Offensive - 0:00
Last Minute Defensive - 0:00
Total
Forward - 60:00
Defense - 60:00
|
% Time on Ice - Scraper
Lines # - Real PCT - Wanted PCT - Time Play
Normal Forward
1 - 33% - 40% - 15:34
2 - 33% - 38% - 15:35
3 - 21% - 19% - 9:58
4 - 14% - 3% - 6:46
Normal Defense
1 - 40% - 40% - 19:11
2 - 38% - 37% - 18:19
3 - 20% - 20% - 9:46
4 - 1% - 3% - 0:37
PP Forward
1 - 73% - 60% - 3:04
2 - 27% - 40% - 1:07
PP Defense
1 - 58% - 60% - 2:25
2 - 42% - 40% - 1:46
PK Forward
1 - 68% - 60% - 5:25
2 - 32% - 40% - 2:31
PK Defense
1 - 59% - 60% - 4:43
2 - 41% - 40% - 3:13
PK3 Forward
1 - 0% - 60%
2 - 0% - 40%
PK3 Defense
1 - 0% - 60%
2 - 0% - 40%
44 Forward
1 - 0% - 60%
2 - 0% - 40%
44 Defense
1 - 0% - 60%
2 - 0% - 40%
Last Minute Offensive - 0:00
Last Minute Defensive - 0:00
Total
Forward - 60:00
Defense - 60:00
|
Play by Play
1st period
0:01 of 1st period - T.J. Hensick wins face-off versus Steven Stamkos in neutral zone.
0:04 of 1st period - Wrist shot by Anthony Stewart.
0:04 of 1st period - Stopped by Maxime Ouellet with a rebound.
1:11 of 1st period - Wrist shot by Cal Clutterbuck.
1:11 of 1st period - Stopped by Maxime Ouellet without a rebound.
1:12 of 1st period - Steven Stamkos wins face-off versus Vince Rocco in Scraper zone.
1:19 of 1st period - Kyle Wharton is hit by Karl Alzner and loses puck.
1:48 of 1st period - Snap shot by Cal Clutterbuck.
1:48 of 1st period - Shot Misses the Net.
2:00 of 1st period - Snap shot by Petr Vrana.
2:00 of 1st period - Stopped by Maxime Ouellet without a rebound.
2:01 of 1st period - Logan Couture wins face-off versus T.J. Hensick in Scraper zone.
2:06 of 1st period - Paul Ranger is hit by Marcel Hossa and loses puck.
2:28 of 1st period - Off-side.
2:29 of 1st period - Martin Hanzal wins face-off versus Ryan Craig in neutral zone.
2:32 of 1st period - Snap shot by Alexander Radulov.
2:32 of 1st period - Shot Misses the Net.
2:34 of 1st period - Slapshot by Aaron Ward.
2:34 of 1st period - Stopped by Chad Johnson with a rebound.
2:36 of 1st period - Snap shot by Martin Hanzal.
2:36 of 1st period - Stopped by Chad Johnson without a rebound.
2:37 of 1st period - T.J. Hensick wins face-off versus Logan Couture in Demolitions zone.
2:42 of 1st period - Wrist shot by Marcel Hossa.
2:42 of 1st period - Shot Blocked by Raffi Torres.
2:44 of 1st period - Wrist shot by Marcel Hossa.
2:44 of 1st period - Stopped by Maxime Ouellet with a rebound.
2:52 of 1st period - Wrist shot by T.J. Hensick.
2:52 of 1st period - Shot Blocked by Aaron Ward.
3:04 of 1st period - Wrist shot by Steven Stamkos.
3:04 of 1st period - Stopped by Chad Johnson without a rebound.
3:05 of 1st period - Steven Stamkos wins face-off versus Ryan Craig in Demolitions zone.
3:08 of 1st period - Snap shot by Tyler Ennis.
3:08 of 1st period - Shot Misses the Net.
3:32 of 1st period - Raffi Torres is hit by Robert Bortuzzo and loses puck.
3:39 of 1st period - Wrist shot by Raffi Torres.
3:39 of 1st period - Shot Blocked by Anthony Stewart.
4:08 of 1st period - Snap shot by Bobby Butler.
4:08 of 1st period - Stopped by Maxime Ouellet without a rebound.
4:09 of 1st period - Nicolas Blanchard wins face-off versus Martin Hanzal in Scraper zone.
4:45 of 1st period - Slapshot by T.J. Hensick.
4:45 of 1st period - Deflect By Anthony Stewart.
4:45 of 1st period - Shot Blocked by Paul Ranger.
4:45 of 1st period - Puck is out of play.
4:46 of 1st period - Ryan Craig wins face-off versus Steven Stamkos in Scraper zone.
5:56 of 1st period - Slapshot by Cal Clutterbuck.
5:56 of 1st period - Shot Blocked by Pernell Karl Subban.
5:58 of 1st period - Slapshot by Petr Vrana.
5:58 of 1st period - Shot Misses the Net.
6:00 of 1st period - Wrist shot by Kyle Wharton.
6:00 of 1st period - Shot Blocked by Valeri Bure.
6:02 of 1st period - Snap shot by Anssi Salmela.
6:02 of 1st period - Shot Misses the Net.
6:20 of 1st period - Wrist shot by Tyler Ennis.
6:20 of 1st period - Stopped by Chad Johnson with a rebound.
6:56 of 1st period - Backhand shot by Jamie Benn.
6:56 of 1st period - Stopped by Chad Johnson with a rebound.
6:58 of 1st period - Slapshot by Pernell Karl Subban.
6:58 of 1st period - Shot Misses the Net.
7:00 of 1st period - Slapshot by Paul Ranger.
7:00 of 1st period - Stopped by Chad Johnson with a rebound.
7:26 of 1st period - Slapshot by Anton Babchuk.
7:26 of 1st period - Deflect By Karl Alzner.
7:26 of 1st period - Stopped by Maxime Ouellet with a rebound.
7:28 of 1st period - Wrist shot by Cal Clutterbuck.
7:28 of 1st period - Shot Blocked by Karl Alzner.
7:47 of 1st period - Wrist shot by Valeri Bure.
7:47 of 1st period - Stopped by Chad Johnson without a rebound.
7:48 of 1st period - T.J. Hensick wins face-off versus Logan Couture in Demolitions zone.
7:59 of 1st period - Icing by Anssi Salmela.
8:00 of 1st period - T.J. Hensick wins face-off versus Steven Stamkos in Demolitions zone.
8:25 of 1st period - T.J. Hensick is hit by Matt Martin and loses puck.
9:51 of 1st period - Wrist shot by Martin Hanzal.
9:51 of 1st period - Shot Hit the Post.
9:53 of 1st period - Slapshot by Paul Ranger.
9:53 of 1st period - Deflect By Alexander Radulov.
9:53 of 1st period - Goal by Alexander Radulov - Demolitions : 0 - Scraper : 1.
9:54 of 1st period - Logan Couture wins face-off versus T.J. Hensick in neutral zone.
10:08 of 1st period - Snap shot by Logan Couture.
10:08 of 1st period - Goal by Logan Couture - Demolitions : 0 - Scraper : 2.
10:09 of 1st period - T.J. Hensick wins face-off versus Steven Stamkos in neutral zone.
10:35 of 1st period - Ryan Craig is hit by Logan Couture and loses puck.
11:21 of 1st period - Snap shot by Ben Eager.
11:21 of 1st period - Stopped by Chad Johnson without a rebound.
11:22 of 1st period - T.J. Hensick wins face-off versus Steven Stamkos in Demolitions zone.
11:26 of 1st period - Minor Penalty to Mike Knuble for Slashing.
11:27 of 1st period - Riley Armstrong wins face-off versus T.J. Hensick in Scraper zone.
11:43 of 1st period - Karl Alzner is hit by Marcel Hossa and loses puck.
12:41 of 1st period - Marcel Hossa is hit by Martin Hanzal and loses puck.
13:26 of 1st period - Penalty to Mike Knuble is over, Mike Knuble is back on ice.
13:39 of 1st period - Marc-André Bernier is hit by Mike Knuble and loses puck.
15:12 of 1st period - Cal Clutterbuck is hit by Valeri Bure and loses puck.
15:27 of 1st period - Snap shot by Marcel Hossa.
15:27 of 1st period - Shot Blocked by Mike Knuble.
15:34 of 1st period - Icing by Karl Alzner.
15:35 of 1st period - Steven Stamkos wins face-off versus Brandon Bochenski in Scraper zone.
16:02 of 1st period - Mike Knuble is hit by Nicolas Blanchard.
16:15 of 1st period - Icing by Matt Corrente.
16:16 of 1st period - Matt Martin wins face-off versus Nicolas Blanchard in Demolitions zone.
16:45 of 1st period - Snap shot by Marcel Hossa.
16:45 of 1st period - Stopped by Maxime Ouellet with a rebound.
16:47 of 1st period - Wrist shot by T.J. Hensick.
16:47 of 1st period - Stopped by Maxime Ouellet with a rebound.
16:49 of 1st period - Snap shot by Anton Babchuk.
16:49 of 1st period - Stopped by Maxime Ouellet with a rebound.
16:51 of 1st period - Slapshot by Anton Babchuk.
16:51 of 1st period - Stopped by Maxime Ouellet with a rebound.
16:53 of 1st period - Snap shot by T.J. Hensick.
16:53 of 1st period - Shot Blocked by Pernell Karl Subban.
16:55 of 1st period - Snap shot by T.J. Hensick.
16:55 of 1st period - Stopped by Maxime Ouellet without a rebound.
16:56 of 1st period - Logan Couture wins face-off versus Ryan Craig in Scraper zone.
17:07 of 1st period - Wrist shot by Logan Couture.
17:07 of 1st period - Deflect By Raffi Torres.
17:07 of 1st period - Shot Misses the Net.
17:07 of 1st period - Puck is out of play.
17:08 of 1st period - T.J. Hensick wins face-off versus Logan Couture in Demolitions zone.
17:46 of 1st period - Wrist shot by Jamie Benn.
17:46 of 1st period - Stopped by Chad Johnson with a rebound.
18:02 of 1st period - Snap shot by Cal Clutterbuck.
18:02 of 1st period - Shot Misses the Net.
18:04 of 1st period - Snap shot by Cal Clutterbuck.
18:04 of 1st period - Stopped by Maxime Ouellet without a rebound.
18:05 of 1st period - Vince Rocco wins face-off versus Mike Knuble in Scraper zone.
18:12 of 1st period - Wrist shot by Petr Vrana.
18:12 of 1st period - Shot Misses the Net.
18:22 of 1st period - Snap shot by Petr Vrana.
18:22 of 1st period - Stopped by Maxime Ouellet without a rebound.
18:23 of 1st period - T.J. Hensick wins face-off versus Martin Hanzal in Scraper zone.
18:24 of 1st period - Wrist shot by Marcel Hossa.
18:24 of 1st period - Shot Misses the Net.
18:26 of 1st period - Snap shot by Anthony Stewart.
18:26 of 1st period - Goal by Anthony Stewart - Demolitions : 1 - Scraper : 2.
18:27 of 1st period - T.J. Hensick wins face-off versus Steven Stamkos in neutral zone.
18:42 of 1st period - Snap shot by Anthony Stewart.
18:42 of 1st period - Stopped by Maxime Ouellet with a rebound.
19:16 of 1st period - Wrist shot by Alexander Radulov.
19:16 of 1st period - Stopped by Chad Johnson with a rebound.
19:44 of 1st period - Backhand shot by Riley Armstrong.
19:44 of 1st period - Shot Misses the Net.
19:46 of 1st period - Wrist shot by Riley Armstrong.
19:46 of 1st period - Goal by Riley Armstrong - Demolitions : 1 - Scraper : 3.
19:47 of 1st period - Steven Stamkos wins face-off versus Marcel Hossa in neutral zone.
Goals for this period are 1 for Demolitions vs 3 for Scraper.
Shots for this period are 15 for Demolitions vs 13 for Scraper.
2nd period
0:01 of 2nd period - Anthony Stewart wins face-off versus Steven Stamkos in neutral zone.
0:08 of 2nd period - Slapshot by Tyler Ennis.
0:08 of 2nd period - Stopped by Chad Johnson with a rebound.
0:10 of 2nd period - Slapshot by Michael Del Zotto.
0:10 of 2nd period - Shot Blocked by Anton Babchuk.
0:12 of 2nd period - Snap shot by Steven Stamkos.
0:12 of 2nd period - Stopped by Chad Johnson with a rebound.
0:14 of 2nd period - Slapshot by Tyler Ennis.
0:14 of 2nd period - Stopped by Chad Johnson with a rebound.
0:26 of 2nd period - Jamie Benn is hit by Troy Brouwer and loses puck.
0:49 of 2nd period - Wrist shot by Alexander Radulov.
0:49 of 2nd period - Stopped by Chad Johnson with a rebound.
0:51 of 2nd period - Snap shot by Michael Del Zotto.
0:51 of 2nd period - Shot Misses the Net.
0:55 of 2nd period - Snap shot by Martin Hanzal.
0:55 of 2nd period - Deflect By Alexander Radulov.
0:55 of 2nd period - Shot Misses the Net.
0:55 of 2nd period - Puck is out of play.
0:56 of 2nd period - T.J. Hensick wins face-off versus Martin Hanzal in Demolitions zone.
1:26 of 2nd period - Snap shot by Ryan Craig.
1:26 of 2nd period - Shot Misses the Net.
1:28 of 2nd period - Slapshot by Brandon Bochenski.
1:28 of 2nd period - Shot Misses the Net.
1:30 of 2nd period - Snap shot by Brandon Bochenski.
1:30 of 2nd period - Stopped by Maxime Ouellet with a rebound.
2:28 of 2nd period - Karl Alzner is hit by Troy Brouwer.
3:30 of 2nd period - Wrist shot by Ben Eager.
3:30 of 2nd period - Shot Misses the Net.
3:49 of 2nd period - Ryan Craig is hit by Alexander Radulov and loses puck.
3:53 of 2nd period - Icing by Anton Babchuk.
3:54 of 2nd period - Ryan Craig wins face-off versus Steven Stamkos in Demolitions zone.
3:59 of 2nd period - Snap shot by Steven Stamkos.
3:59 of 2nd period - Stopped by Chad Johnson with a rebound.
4:01 of 2nd period - Snap shot by Tyler Ennis.
4:01 of 2nd period - Goal by Tyler Ennis - Demolitions : 1 - Scraper : 4.
4:01 of 2nd period - Antero Niittymaki enters game.
4:02 of 2nd period - Steven Stamkos wins face-off versus T.J. Hensick in neutral zone.
4:05 of 2nd period - Snap shot by Steven Stamkos.
4:05 of 2nd period - Deflect By Marcel Hossa.
4:05 of 2nd period - Stopped by Antero Niittymaki without a rebound.
4:06 of 2nd period - Steven Stamkos wins face-off versus T.J. Hensick in Demolitions zone.
4:10 of 2nd period - Minor Penalty to Matt Corrente for Hooking.
4:11 of 2nd period - Steven Stamkos wins face-off versus Marcel Hossa in Demolitions zone.
4:21 of 2nd period - Wrist shot by Steven Stamkos.
4:21 of 2nd period - Stopped by Antero Niittymaki with a rebound.
4:23 of 2nd period - Snap shot by Mike Knuble.
4:23 of 2nd period - Goal by Mike Knuble - Demolitions : 1 - Scraper : 5.
4:24 of 2nd period - Steven Stamkos wins face-off versus T.J. Hensick in neutral zone.
4:27 of 2nd period - Snap shot by Tyler Ennis.
4:27 of 2nd period - Stopped by Antero Niittymaki without a rebound.
4:28 of 2nd period - Steven Stamkos wins face-off versus T.J. Hensick in Demolitions zone.
4:29 of 2nd period - Wrist shot by Mike Knuble.
4:29 of 2nd period - Shot Misses the Net.
4:43 of 2nd period - Slapshot by Tyler Ennis.
4:43 of 2nd period - Stopped by Antero Niittymaki without a rebound.
4:44 of 2nd period - Logan Couture wins face-off versus Ryan Craig in Demolitions zone.
4:51 of 2nd period - Snap shot by Raffi Torres.
4:51 of 2nd period - Stopped by Antero Niittymaki with a rebound.
4:53 of 2nd period - Slapshot by Paul Ranger.
4:53 of 2nd period - Shot Misses the Net.
5:58 of 2nd period - Snap shot by Petr Vrana.
5:58 of 2nd period - Stopped by Maxime Ouellet without a rebound.
5:59 of 2nd period - T.J. Hensick wins face-off versus Steven Stamkos in Scraper zone.
6:04 of 2nd period - Snap shot by Marcel Hossa.
6:04 of 2nd period - Stopped by Maxime Ouellet with a rebound.
6:12 of 2nd period - Snap shot by T.J. Hensick.
6:12 of 2nd period - Stopped by Maxime Ouellet with a rebound.
6:28 of 2nd period - Snap shot by Bobby Butler.
6:28 of 2nd period - Shot Blocked by Pernell Karl Subban.
6:36 of 2nd period - Wrist shot by Marc-André Bernier.
6:36 of 2nd period - Shot Misses the Net.
6:46 of 2nd period - Snap shot by Steven Stamkos.
6:46 of 2nd period - Shot Hit the Post.
6:52 of 2nd period - Pernell Karl Subban is hit by Brandon Bochenski.
6:58 of 2nd period - Ryan Craig is hit by Logan Couture and loses puck.
7:15 of 2nd period - Snap shot by Martin Hanzal.
7:15 of 2nd period - Stopped by Antero Niittymaki without a rebound.
7:16 of 2nd period - Martin Hanzal wins face-off versus T.J. Hensick in Demolitions zone.
7:19 of 2nd period - Snap shot by Alexander Radulov.
7:19 of 2nd period - Shot Blocked by Anssi Salmela.
7:32 of 2nd period - Icing by Michael Del Zotto.
7:33 of 2nd period - Matt Martin wins face-off versus Ryan Craig in Scraper zone.
7:33 of 2nd period - Matt Martin is hit by Anton Babchuk.
7:55 of 2nd period - Wrist shot by Martin Hanzal.
7:55 of 2nd period - Stopped by Antero Niittymaki without a rebound.
7:56 of 2nd period - Logan Couture wins face-off versus Marcel Hossa in Demolitions zone.
8:09 of 2nd period - Snap shot by Anthony Stewart.
8:09 of 2nd period - Shot Blocked by Raffi Torres.
8:11 of 2nd period - Slapshot by Kyle Wharton.
8:11 of 2nd period - Stopped by Maxime Ouellet without a rebound.
8:12 of 2nd period - Steven Stamkos wins face-off versus Ryan Craig in Scraper zone.
8:12 of 2nd period - Steven Stamkos is hit by Anton Babchuk.
8:19 of 2nd period - Tyler Ennis and Brandon Bochenski fight to a draw.
8:19 of 2nd period - Penalty to Tyler Ennis for Fighting.
8:19 of 2nd period - Penalty to Brandon Bochenski for Fighting.
8:20 of 2nd period - T.J. Hensick wins face-off versus Steven Stamkos in Demolitions zone.
8:27 of 2nd period - Wrist shot by Steven Stamkos.
8:27 of 2nd period - Stopped by Antero Niittymaki with a rebound.
8:31 of 2nd period - Slapshot by Steven Stamkos.
8:31 of 2nd period - Stopped by Antero Niittymaki without a rebound.
8:32 of 2nd period - Logan Couture wins face-off versus T.J. Hensick in Demolitions zone.
8:33 of 2nd period - Wrist shot by Jamie Benn.
8:33 of 2nd period - Shot Misses the Net.
8:35 of 2nd period - Wrist shot by Logan Couture.
8:35 of 2nd period - Shot Misses the Net.
10:00 of 2nd period - Wrist shot by Logan Couture.
10:00 of 2nd period - Stopped by Antero Niittymaki without a rebound.
10:01 of 2nd period - Logan Couture wins face-off versus T.J. Hensick in Demolitions zone.
10:04 of 2nd period - Slapshot by Raffi Torres.
10:04 of 2nd period - Shot Blocked by Anthony Stewart.
10:06 of 2nd period - Slapshot by Jamie Benn.
10:06 of 2nd period - Shot Misses the Net.
10:10 of 2nd period - Snap shot by Raffi Torres.
10:10 of 2nd period - Stopped by Antero Niittymaki with a rebound.
10:12 of 2nd period - Wrist shot by Raffi Torres.
10:12 of 2nd period - Shot Blocked by Anthony Stewart.
10:33 of 2nd period - Snap shot by Raffi Torres.
10:33 of 2nd period - Stopped by Antero Niittymaki with a rebound.
10:59 of 2nd period - Wrist shot by Jamie Benn.
10:59 of 2nd period - Stopped by Antero Niittymaki with a rebound.
11:01 of 2nd period - Slapshot by Pernell Karl Subban.
11:01 of 2nd period - Deflect By Raffi Torres.
11:01 of 2nd period - Stopped by Antero Niittymaki without a rebound.
11:02 of 2nd period - Steven Stamkos wins face-off versus T.J. Hensick in Demolitions zone.
11:07 of 2nd period - Backhand shot by Martin Hanzal.
11:07 of 2nd period - Shot Misses the Net.
11:27 of 2nd period - Aaron Ward is hit by Ryan Craig and loses puck.
11:50 of 2nd period - Slapshot by Cal Clutterbuck.
11:50 of 2nd period - Stopped by Maxime Ouellet without a rebound.
11:51 of 2nd period - Steven Stamkos wins face-off versus Vince Rocco in Scraper zone.
12:05 of 2nd period - Mike Knuble is hit by Vince Rocco and loses puck.
12:22 of 2nd period - Snap shot by Raffi Torres.
12:22 of 2nd period - Shot Blocked by Anssi Salmela.
12:33 of 2nd period - Wrist shot by Petr Vrana.
12:33 of 2nd period - Shot Misses the Net.
12:35 of 2nd period - Wrist shot by Cal Clutterbuck.
12:35 of 2nd period - Deflect By Raffi Torres.
12:35 of 2nd period - Shot Blocked by Jamie Benn.
12:35 of 2nd period - Puck is out of play.
12:36 of 2nd period - Steven Stamkos wins face-off versus Marcel Hossa in Scraper zone.
12:36 of 2nd period - Steven Stamkos is hit by Marcel Hossa.
13:02 of 2nd period - Minor Penalty to Michael Del Zotto for Tripping.
13:03 of 2nd period - Anthony Stewart wins face-off versus Riley Armstrong in Scraper zone.
13:10 of 2nd period - Slapshot by Anthony Stewart.
13:10 of 2nd period - Stopped by Maxime Ouellet without a rebound.
13:11 of 2nd period - Riley Armstrong wins face-off versus T.J. Hensick in Scraper zone.
13:19 of 2nd period - Penalty to Tyler Ennis is over, Tyler Ennis is back on ice.
13:26 of 2nd period - Slapshot by T.J. Hensick.
13:26 of 2nd period - Stopped by Maxime Ouellet without a rebound.
13:27 of 2nd period - T.J. Hensick wins face-off versus Riley Armstrong in Scraper zone.
15:02 of 2nd period - Penalty to Michael Del Zotto is over, Michael Del Zotto is back on ice.
15:07 of 2nd period - Off-side.
15:08 of 2nd period - Steven Stamkos wins face-off versus Nicolas Blanchard in neutral zone.
15:17 of 2nd period - Wrist shot by Steven Stamkos.
15:17 of 2nd period - Deflect By Tyler Ennis.
15:17 of 2nd period - Stopped by Antero Niittymaki without a rebound.
15:18 of 2nd period - Logan Couture wins face-off versus Ryan Craig in Demolitions zone.
16:11 of 2nd period - Snap shot by Martin Hanzal.
16:11 of 2nd period - Stopped by Antero Niittymaki with a rebound.
16:50 of 2nd period - Minor Penalty to Jamie Benn for Holding.
16:51 of 2nd period - Riley Armstrong wins face-off versus T.J. Hensick in Scraper zone.
16:57 of 2nd period - Slapshot by Kyle Wharton.
16:57 of 2nd period - Shot Blocked by Eric Gryba.
16:59 of 2nd period - Wrist shot by Marcel Hossa.
16:59 of 2nd period - Stopped by Maxime Ouellet with a rebound.
17:03 of 2nd period - Slapshot by T.J. Hensick.
17:03 of 2nd period - Stopped by Maxime Ouellet with a rebound.
17:05 of 2nd period - Snap shot by Marcel Hossa.
17:05 of 2nd period - Stopped by Maxime Ouellet with a rebound.
17:07 of 2nd period - Slapshot by Anthony Stewart.
17:07 of 2nd period - Stopped by Maxime Ouellet with a rebound.
17:17 of 2nd period - Troy Brouwer is hit by Riley Armstrong and loses puck.
18:20 of 2nd period - Kyle Wharton is hit by Eric Gryba and loses puck.
18:27 of 2nd period - Anssi Salmela is hit by Martin Hanzal and loses puck.
18:50 of 2nd period - Penalty to Jamie Benn is over, Jamie Benn is back on ice.
18:58 of 2nd period - Icing by Mike Knuble.
18:59 of 2nd period - Nicolas Blanchard wins face-off versus Steven Stamkos in Scraper zone.
19:46 of 2nd period - Icing by Kyle Wharton.
19:47 of 2nd period - Ryan Craig wins face-off versus Martin Hanzal in Demolitions zone.
Goals for this period are 0 for Demolitions vs 2 for Scraper.
Shots for this period are 12 for Demolitions vs 23 for Scraper.
3rd period
0:01 of 3rd period - T.J. Hensick wins face-off versus Steven Stamkos in neutral zone.
0:10 of 3rd period - Snap shot by Marcel Hossa.
0:10 of 3rd period - Shot Misses the Net.
0:54 of 3rd period - Snap shot by Karl Alzner.
0:54 of 3rd period - Shot Misses the Net.
1:04 of 3rd period - Minor Penalty to Troy Brouwer for Hooking.
1:05 of 3rd period - Steven Stamkos wins face-off versus T.J. Hensick in Demolitions zone.
1:06 of 3rd period - Slapshot by Tyler Ennis.
1:06 of 3rd period - Shot Misses the Net.
1:08 of 3rd period - Slapshot by Mike Knuble.
1:08 of 3rd period - Shot Misses the Net.
1:10 of 3rd period - Wrist shot by Mike Knuble.
1:10 of 3rd period - Shot Misses the Net.
1:50 of 3rd period - Paul Ranger is hit by Matt Corrente and loses puck.
3:04 of 3rd period - Penalty to Troy Brouwer is over, Troy Brouwer is back on ice.
3:42 of 3rd period - Off-side.
3:43 of 3rd period - Raffi Torres wins face-off versus Nicolas Blanchard in neutral zone.
4:08 of 3rd period - Pernell Karl Subban is hit by Brandon Bochenski and loses puck.
4:47 of 3rd period - Minor Penalty to Martin Hanzal for Roughing.
4:48 of 3rd period - T.J. Hensick wins face-off versus Riley Armstrong in Scraper zone.
5:15 of 3rd period - Riley Armstrong is hit by Troy Brouwer and loses puck.
6:47 of 3rd period - Penalty to Martin Hanzal is over, Martin Hanzal is back on ice.
6:56 of 3rd period - Pernell Karl Subban is hit by Kyle Wharton and loses puck.
7:59 of 3rd period - Marc-André Bernier is hit by Paul Ranger.
8:27 of 3rd period - T.J. Hensick is hit by Valeri Bure and loses puck.
8:46 of 3rd period - Marc-André Bernier is hit by Steven Stamkos and loses puck.
9:11 of 3rd period - Anssi Salmela is hit by Matt Martin and loses puck.
9:22 of 3rd period - Raffi Torres is hit by Brandon Bochenski and loses puck.
9:29 of 3rd period - Wrist shot by Ryan Craig.
9:29 of 3rd period - Shot Misses the Net.
9:31 of 3rd period - Snap shot by Troy Brouwer.
9:31 of 3rd period - Shot Blocked by Jamie Benn.
9:33 of 3rd period - Slapshot by Ryan Craig.
9:33 of 3rd period - Stopped by Maxime Ouellet without a rebound.
9:34 of 3rd period - Steven Stamkos wins face-off versus Nicolas Blanchard in Scraper zone.
9:49 of 3rd period - Snap shot by Bobby Butler.
9:49 of 3rd period - Stopped by Maxime Ouellet without a rebound.
9:50 of 3rd period - Logan Couture wins face-off versus T.J. Hensick in Scraper zone.
10:40 of 3rd period - Nicolas Blanchard is hit by Matt Martin and loses puck.
11:01 of 3rd period - Snap shot by Anthony Stewart.
11:01 of 3rd period - Stopped by Maxime Ouellet without a rebound.
11:02 of 3rd period - T.J. Hensick wins face-off versus Logan Couture in Scraper zone.
11:08 of 3rd period - Icing by Michael Del Zotto.
11:09 of 3rd period - T.J. Hensick wins face-off versus Logan Couture in Scraper zone.
11:14 of 3rd period - Snap shot by Marcel Hossa.
11:14 of 3rd period - Stopped by Maxime Ouellet with a rebound.
11:41 of 3rd period - Slapshot by T.J. Hensick.
11:41 of 3rd period - Deflect By Marcel Hossa.
11:41 of 3rd period - Stopped by Maxime Ouellet with a rebound.
12:07 of 3rd period - Slapshot by T.J. Hensick.
12:07 of 3rd period - Shot Misses the Net.
12:23 of 3rd period - Slapshot by Marcel Hossa.
12:23 of 3rd period - Stopped by Maxime Ouellet with a rebound.
12:36 of 3rd period - Minor Penalty to Marcel Hossa for Holding.
12:37 of 3rd period - Petr Vrana wins face-off versus Steven Stamkos in Demolitions zone.
13:40 of 3rd period - Petr Vrana is hit by Alexander Radulov and loses puck.
14:36 of 3rd period - Penalty to Marcel Hossa is over, Marcel Hossa is back on ice.
15:39 of 3rd period - Martin Hanzal is hit by Nicolas Blanchard and loses puck.
15:59 of 3rd period - Michael Del Zotto is hit by Petr Vrana and loses puck.
16:14 of 3rd period - Snap shot by Troy Brouwer.
16:14 of 3rd period - Stopped by Maxime Ouellet with a rebound.
16:51 of 3rd period - Riley Armstrong is hit by Ryan Craig and loses puck.
17:48 of 3rd period - Matt Corrente is hit by Tyler Ennis and loses puck.
18:01 of 3rd period - Anton Babchuk is hit by Ben Eager and loses puck.
18:14 of 3rd period - Brandon Bochenski is hit by Alexander Radulov and loses puck.
18:22 of 3rd period - Icing by Anton Babchuk.
18:23 of 3rd period - Logan Couture wins face-off versus Nicolas Blanchard in Demolitions zone.
18:24 of 3rd period - Wrist shot by Raffi Torres.
18:24 of 3rd period - Stopped by Antero Niittymaki with a rebound.
18:26 of 3rd period - Snap shot by Raffi Torres.
18:26 of 3rd period - Goal by Raffi Torres - Demolitions : 1 - Scraper : 6.
18:27 of 3rd period - Mike Knuble wins face-off versus Marcel Hossa in neutral zone.
18:30 of 3rd period - Marcel Hossa is hit by Paul Ranger and loses puck.
18:41 of 3rd period - Wrist shot by Steven Stamkos.
18:41 of 3rd period - Shot Misses the Net.
18:43 of 3rd period - Snap shot by Mike Knuble.
18:43 of 3rd period - Stopped by Antero Niittymaki with a rebound.
19:34 of 3rd period - Wrist shot by Valeri Bure.
19:34 of 3rd period - Shot Misses the Net.
Goals for this period are 0 for Demolitions vs 1 for Scraper.
Shots for this period are 7 for Demolitions vs 3 for Scraper.
Output by the SimonT Hockey Simulator (STHS) for François Prévost -- Original Page W3C XHTML 1.0 Valid